 Dungeon Crawl Stone Soup version 0.25-a0-875-geaba134f46 (webtiles) character file.

Game seed: 16506955869178952023, levelgen mode: classic

96 EnegeticOcto the Skirmisher (level 4, -1/32 HPs)
             Began as an Octopode Fighter on May 1, 2020.
             Slain by a bullfrog zombie (3 damage)
             ... on level 3 of the Dungeon.
             The game lasted 00:00:49 (2418 turns).

EnegeticOcto the Skirmisher (Octopode Fighter)      Turns: 2418, Time: 00:00:50

Health: -1/32      AC:  1    Str: 16    XL:     4   Next: 67%
Magic:  4/4        EV: 11    Int: 10    God:
Gold:   38         SH: 13    Dex: 11    Spells: 3/3 levels left

rFire    . . .     SeeInvis .   a - +0 long sword
rCold    . . .     Gourm    .   b - +0 kite shield
rNeg     . . .     Faith    .   (helmet restricted)
rPois    .         Spirit   .   j - +4 amulet of reflection
rElec    .         Reflect  +   (no ring)
rCorr    .         Harm     .   (no ring)
MR       .....                  (no ring)
Stlth    ++........             (no ring)
HPRegen  0.10/turn              (no ring)
MPRegen  0.09/turn              (no ring)
                                (no ring)
                                (no ring)

@: no status effects
A: almost no armour, stealthy swim, amphibious, 8 rings, constrict 8, camouflage
1, gelatinous body 1
a: no special abilities


You were on level 3 of the Dungeon.
You were not hungry.

You visited 1 branch of the dungeon, and saw 3 of its levels.

You collected 38 gold pieces.

Inventory:

Hand Weapons
 a - a +0 long sword (weapon)
Armour
 b - a +0 kite shield (worn)
Jewellery
 j - a +4 amulet of reflection (around mantle)
Wands
 m - a wand of polymorph (7)
Scrolls
 d - 3 scrolls of identify {unknown}
 f - 2 scrolls of immolation {unknown}
 o - 2 scrolls of fear {unknown}
Potions
 c - a potion of haste {unknown}
 g - a potion of berserk rage {unknown}
 h - a potion of stabbing {unknown}
 i - a potion of heal wounds {unknown}
 k - a potion of might {@q3}
 l - a potion of ambrosia {unknown}
 n - 2 potions of mutation {unknown}
Comestibles
 e - 6 rations
 p - 4 chunks of flesh


   Skills:
 + Level 3.6 Fighting
 * Level 3.6 Long Blades
 - Level 3.0 Dodging
 + Level 3.6 Shields


You had 3 spell levels left.
You didn't know any spells.
Your spell library was empty.

Dungeon Overview and Level Annotations

Branches:
Dungeon (3/15)

Altars:
Fedhas
Okawaru


Innate Abilities, Weirdness & Mutations

You cannot wear most types of armour.
You are very stealthy in the water. (Stealth+)
You are amphibious.
You can wear up to eight rings at the same time.
You can use your tentacles to constrict eight enemies at once.
Your skin changes colour to match your surroundings (Stealth+).
Your rubbery body absorbs attacks. (AC +1, EV +1)


Message History

No target in view!
No target in view!
No target in view!
No target in view!
Some of the chunks of flesh in your inventory have rotted away.
Eating one of 4 chunks of flesh.
You eat one of the 4 chunks of flesh.
This raw flesh tastes terrible.
HP restored.
You now have 26 gold pieces (gained 13).
You now have 38 gold pieces (gained 12).
Found a whip.
c - a fizzy emerald potion
Found a ring mail.
No target in view!
Found a short runed staff.
Found a stone staircase leading down.
No target in view!
No target in view!
No target in view!
No target in view!
No target in view!
No target in view!
No target in view!
No target in view!
No target in view!
No target in view!
d - 3 scrolls labeled REIMATATIFF (gained 1)
e - 6 rations (gained 1)
m - a wand of polymorph (7)
A giant cockroach comes into view.
A giant cockroach is nearby!
A giant cockroach is nearby!
A giant cockroach is nearby!
You hit the giant cockroach but do no damage.
Your grab misses the giant cockroach. You block the giant cockroach's attack.
You barely miss the giant cockroach. You grab the giant cockroach.
You constrict the giant cockroach.
The giant cockroach barely misses you. x2
You hit the giant cockroach.
The giant cockroach is severely wounded.
You constrict the giant cockroach.
You kill the giant cockroach!
No target in view!
No target in view!
No target in view!
No target in view!
No target in view!
No target in view!
You butcher the giant cockroach corpse.
p - 4 chunks of flesh (gained 1)
A bullfrog zombie comes into view.
You see here a short runed staff.
A bullfrog zombie is nearby!
A bullfrog zombie is nearby!
A bullfrog zombie is nearby!
You barely miss the bullfrog zombie. Your grab misses the bullfrog zombie.
The bullfrog zombie hits you. x2
You hit the bullfrog zombie. Your grab misses the bullfrog zombie.
Your squeeze misses the bullfrog zombie.
The bullfrog zombie is lightly damaged.
The bullfrog zombie hits you. x2
You are too injured to fight recklessly!
You are too injured to fight recklessly!
You are too injured to fight recklessly!
You are too injured to fight recklessly!
You are too injured to fight recklessly!
You are too injured to fight recklessly!
You are too injured to fight recklessly!
A bullfrog zombie is nearby!
A bullfrog zombie is nearby!
A bullfrog zombie is nearby!
A bullfrog zombie is nearby!
You are too injured to fight recklessly!
You are too injured to fight recklessly!
You are too injured to fight recklessly!
You are too injured to fight recklessly!
You are too injured to fight recklessly!
You are too injured to fight recklessly!
You are too injured to fight recklessly!
You are too injured to fight recklessly!
You barely miss the bullfrog zombie. Your grab misses the bullfrog zombie.
The bullfrog zombie is lightly damaged.
You block the bullfrog zombie's attack.
You barely miss the bullfrog zombie. You grab the bullfrog zombie.
The bullfrog zombie is lightly damaged.
You constrict the bullfrog zombie. The bullfrog zombie hits you.
The bullfrog zombie hits you but does no damage.
You hit the bullfrog zombie.
The bullfrog zombie is moderately damaged.
You constrict the bullfrog zombie. The bullfrog zombie hits you.
* * * LOW HITPOINT WARNING * * *
You hit the bullfrog zombie.
The bullfrog zombie is heavily damaged.
You constrict the bullfrog zombie.
The bullfrog zombie completely misses you.
The bullfrog zombie hits you.
* * * LOW HITPOINT WARNING * * *
You hit the bullfrog zombie.
The bullfrog zombie is almost destroyed.
You constrict the bullfrog zombie. The bullfrog zombie hits you.
You die...

##.....#..# #.........#
##.#.......#
?.........##
###.##.....##
#.........# ..###
###.......# .....
#Z......#####
#....#####@.........#
..............#..)..#
...........####..[.>##
#........######....#
#.....|............##..
#........####..........
...........#
###....##..
.####.##...# #....# .
#.. ##..# #....#


You could see a bullfrog zombie.

Vanquished Creatures
  4 adders
  2 oozes
  A dart slug (D:2)
  2 leopard geckos
  An orc (D:3)
  2 giant cockroaches
  3 goblins (D:1)
  4 hobgoblins (D:1)
  8 jackals
  A ball python (D:1)
  4 bats
  2 frilled lizards
  8 kobolds
  6 rats
48 creatures vanquished.

Notes
Turn   | Place    | Note
-------+----------+-------------------------------------------
     0 | D:1      | EnegeticOcto the Octopode Fighter began the quest for the
                  | Orb.
     0 | D:1      | Reached XP level 1. HP: 16/16 MP: 1/1
   293 | D:1      | Reached XP level 2. HP: 21/21 MP: 2/2
   505 | D:1      | Reached XP level 3. HP: 23/26 MP: 3/3
  1141 | D:2      | Found a blossoming altar of Fedhas.
  1142 | D:2      | Found an iron altar of Okawaru.
  1607 | D:2      | Reached XP level 4. HP: 29/31 MP: 4/4
  2281 | D:3      | Found a faded altar of an unknown god.
  2418 | D:3      | Slain by a bullfrog zombie

Levels and vault maps discovered:
D:1:      minmay_arrival_glassed_features, layout_loops_corners,
          minmay_misc_feat_enclosed, serial_bayou_lagoon_a
D:2:      layout_basic, overflow_temple_1_default, okawaru_metal_pillars_1_2
D:3:      layout_rooms, lemuel_round_altar, first_ration,
          chequers_ecumenical_altar_simple, fedhas_ov_isle_minmay

Skill      XL: |  1  2  3 |
---------------+----------+-----
Long Blades    | 3 |  3.6
Fighting       | |  3.6
Dodging        | |  3.0
Shields        | |  3.6

Action                   |  1- 3 |  4- 6 || total
-------------------------+-------+-------++-------
Melee: Long sword        |    54 |    32 ||    86
       Constrict         |    16 |     8 ||    24
       Tentacles         |    13 |     3 ||    16
  Use: Scroll            |       |     2 ||     2
 Stab: Sleeping          |     5 |     3 ||     8
  Eat: Chunk             |     2 |     3 ||     5
Armor: Skin              |     1 |     5 ||     6
Dodge: Dodged            |    26 |     8 ||    34
Block: Kite shield       |    25 |    13 ||    38
       Rpst.: Long sword |    11 |     2 ||    13

Table legend:
 A = Non-vault XP
 B = Vault XP
 C = Vault XP percentage of total XP
 D = Non-vault monster count
 E = Vault monster count
 F = Vault count percentage of total count
                 A         B        C        D         E       F
            +---------+---------+-------+---------+---------+-------
      Total |     138 |       0 |   0.0 |      48 |       0 |   0.0
            +---------+---------+-------+---------+---------+-------
        D:1 |      50 |       0 |   0.0 |      27 |       0 |   0.0
        D:2 |      70 |       0 |   0.0 |      18 |       0 |   0.0
        D:3 |      18 |       0 |   0.0 |       3 |       0 |   0.0
            +---------+---------+-------+---------+---------+-------
